[Event "Marmaris Icmeler-IM May 2022"]
[Site "Icmeler"]
[Date "2022.05.05"]
[Round "1.1"]
[White "Hereklioglu, Sude"]
[Black "Huseyinoglu, Alihan"]
[Result "0-1"]
[ECO "A37"]
[WhiteElo "1918"]
[BlackElo "2278"]
[Annotator "TA"]
[PlyCount "102"]
[EventDate "2022.05.05"]
[EventType "schev"]
[EventCountry "TUR"]
[SourceTitle "playchess.com"]
[Source "ChessBase"]
[SourceQuality "1"]
[TimeControl "5400+30"]

1. Nf3 c5 2. g3 Nc6 3. Bg2 g6 4. O-O Bg7 5. c4 d6 6. Nc3 e6 7. e3 {[%emt 0:05:30] 7.e3 is better than 7.d3.} Nge7 8. d4 O-O 9. d5 {[%emt 0:06:30] A37: Symmetrical English vs ...g6: 4 Bg2 Bg7 5 Nf3.} Na5 10. Qd3 a6 {[%emt 0:07:30][%cal Ob7b5] [#]} 11. Rd1 $146 {[%emt 0:10:30] The position is equal.} ({Predecessor:} 11. Rb1 b5 12. b3 Rb8 13. Bd2 b4 14. Ne2 exd5 15. cxd5 Bd7 16. Rfe1 Bb5 17. Qe4 {½-½ (57) Abramovic,B (2431)-Damljanovic,B (2565) Paracin 2015}) 11... exd5 12. cxd5 b5 13. e4 b4 14. Ne2 Bd7 15. e5 $2 (15. Rb1 $11) 15... dxe5 ({Much worse is} 15... Bxe5 $6 16. Nxe5 Bb5 17. Qc2 $1 dxe5 18. g4 $14) 16. d6 Nec6 (16... Nf5 $19 {aiming for ...Bb5.} 17. Bg5 Qb6) 17. Qd5 Rc8 18. Be3 {[%emt 0:08:30] [#]} (18. Bg5 $17 Qb6 19. Rac1) 18... Be6 $1 $36 {[%emt 0:06:30][%mdl 2048] Black is on the roll.} 19. Qe4 (19. Qxc5 $142 Nd4 20. Bxd4 Rxc5 21. Bxc5) 19... Nd4 20. Nexd4 cxd4 ({Inferior is} 20... exd4 21. Bf4 $19) 21. Bd2 Qxd6 22. Qe1 Nc6 23. Ng5 Bd5 24. Ne4 Qd7 25. Nc5 Qd8 26. Nb7 Qd7 (26... Qc7 $17 {Strongly threatening ...Bxg2.} 27. Bxd5 Qxb7) 27. Nc5 $1 {[%emt 0:00:12] Black continues to play with concentration.} Qa7 28. Bxd5 {[%emt 0:01:18] And now Nd3 would win.} Qxc5 29. Bg2 f5 30. Rdc1 Qb5 31. a4 (31. Rxc6 $142 Rxc6 32. Bxc6 Qxc6 33. Rc1) 31... bxa3 32. bxa3 {[%emt 0:00:09] Threatens to win with Rab1.} e4 33. Rab1 Qd5 34. Bb4 Nxb4 35. Qxb4 d3 36. Rd1 Bd4 37. Qe7 Rf7 38. Qg5 Kg7 39. h4 h5 40. Rb4 Rc2 41. Rb8 Rxf2 {[%emt 0:01:00] ( -> ...Qa2)} 42. Kh1 {[%emt 0:00:18] [#]} Rxg2 $1 43. Kxg2 (43. Qd8 Qxd8) 43... e3+ 44. Kh2 e2 45. Rc1 Bf6 46. Qd2 f4 47. gxf4 {[%emt 0:00:32] [#]} Qf3 (47... Be5 $142 $1 48. Rb4 Bd6 49. Qb2+ Kh7 50. Rc8 Rg7 51. Re8 d2 52. Rxe2 d1=Q 53. Rg2 Bxb4 54. axb4 Rf7 55. Qf2 Qe4 56. Qg3 Rxf4 57. Qxg6+ Qxg6 58. Rxg6 Kxg6 59. Kg3 Qf3+ 60. Kh2 Rxh4+ 61. Kg1 Rh1#) 48. Rcc8 Qf2+ {[%emt 0:00:12] Black mates.} 49. Kh3 e1=Q 50. Rg8+ Kh7 51. f5 Qg3# {[%emt 0:00:09] Weighted Error Value: White=0.45/Black=0.14 (very precise)} 0-1

[Event "Marmaris Icmeler-IM May 2022"]
[Site "Icmeler"]
[Date "2022.05.05"]
[Round "1.2"]
[White "Ince, Taylan Ruzgar"]
[Black "Darban, Morteza"]
[Result "1/2-1/2"]
[ECO "B28"]
[WhiteElo "2018"]
[BlackElo "2279"]
[Annotator "TA"]
[PlyCount "61"]
[EventDate "2022.05.05"]
[EventType "schev"]
[EventCountry "TUR"]
[SourceTitle "playchess.com"]
[Source "ChessBase"]
[SourceQuality "1"]
[TimeControl "5400+30"]

1. e4 c5 2. Nf3 a6 3. c4 d6 4. d4 Bg4 5. dxc5 Bxf3 6. gxf3 {[%emt 0:08:30] B28: Sicilian: 2 Nf3 a6 (O'Kelly Variation).} dxc5 7. Qxd8+ Kxd8 8. Be3 e6 9. Nc3 Nd7 10. O-O-O {[%emt 0:14:30] Black must now prevent Na4.} Kc7 11. f4 {[%emt 0:00:30] 0x0.00220501f000dp-1022s more active pieces.} (11. Bf4+ {is interesting.} Kc6 12. Be2 g6 13. Kc2) 11... Rd8 {[%emt 0:02:30] [#]} 12. Bg2 $146 ({Predecessor:} 12. f5 exf5 13. Nd5+ Kb8 14. Bf4+ Ka7 15. Bh3 g6 16. Kc2 Bh6 17. Bd6 Bf8 18. Bf4 {1-0 (45) Caire,F (2445)-V Gallardo,M (1872) FICGS email 2014}) 12... Be7 (12... g6 $14) 13. Rhg1 g6 14. Rd2 (14. f5 $16) 14... b6 15. Rgd1 {[%emt 0:05:30][%cal Of4f5] Hoping for f5!} f5 16. Bf3 Nh6 17. e5 Nf7 18. Kc2 Nb8 19. a3 (19. Bd5 $5 exd5 20. Nxd5+ Kd7 21. e6+ (21. Nxb6+ Ke6 $11) 21... Kxe6 22. Re2 $14) 19... Rxd2+ 20. Rxd2 Rd8 21. Rxd8 Nxd8 22. Na4 Nd7 23. b3 h6 24. Nb2 g5 25. Nd3 Nc6 26. Bh5 gxf4 (26... Ndb8 $11 {keeps the balance.}) 27. Nxf4 $16 {[%emt 0:01:36] White is better.} Nf8 {[%emt 0:01:01] [#]} 28. Nd3 $1 Bg5 29. f4 Be7 30. Kc3 a5 31. Kc2 {[%emt 0:03:07] Weighted Error Value: White=0.10 (very precise) /Black=0.14 (very precise)} 1/2-1/2

[Event "Marmaris Icmeler-IM May 2022"]
[Site "Icmeler"]
[Date "2022.05.05"]
[Round "1.3"]
[White "Taspinar, Yanki"]
[Black "Odeev, Handszar"]
[Result "1-0"]
[ECO "D90"]
[WhiteElo "2176"]
[BlackElo "2305"]
[Annotator "TA"]
[PlyCount "86"]
[EventDate "2022.05.05"]
[EventType "schev"]
[EventCountry "TUR"]
[SourceTitle "playchess.com"]
[Source "ChessBase"]
[SourceQuality "1"]
[TimeControl "5400+30"]

1. d4 Nf6 2. c4 g6 3. Nc3 d5 4. Nf3 Bg7 5. h4 dxc4 6. e4 {[%emt 0:00:30] D90: Grünfeld: 4 Nf3 Bg7 sidelines.} O-O 7. Bxc4 c5 8. d5 {[%emt 0:06:30] The position is equal.} e6 (8... b5 $11 9. Bxb5 Nxe4 10. Nxe4 Qa5+ 11. Nc3 Bxc3+ 12. bxc3 Qxb5) 9. d6 {[%emt 0:11:30] White is more active.} (9. Bg5 $16 {Strongly threatening e5.} h6 10. e5 $1 hxg5 11. exf6 Bxf6 12. dxe6 (12. Nxg5 exd5 13. Qxd5 Nc6 $11) (12. hxg5 Bxc3+ 13. bxc3 exd5 $14) 12... Bxe6 13. Bxe6) 9... Nc6 $11 {[%emt 0:01:30] [#]} 10. Bf4 $146 ({Predecessor:} 10. Be3 Qa5 11. Qd2 a6 12. h5 b5 13. hxg6 bxc4 14. Bh6 fxg6 15. Bxg7 Kxg7 16. Qh6+ {1-0 (28) Hebbering,T (2177)-Kuhn,G (2017) Bad Homburg 2017}) 10... e5 (10... a6 $11) 11. Nxe5 $14 Nxe5 12. Bxe5 {[%emt 0:01:30] Hoping for f4.} Nxe4 $1 13. Bxg7 (13. Nxe4 Bxe5 14. h5 Bf5 15. hxg6 hxg6 $17) 13... Re8 {[%emt 0:00:06] [#] ...Nxc3+ is the strong threat.} 14. O-O $1 Nxd6 {[%emt 0:00:05] [#]} 15. Bxf7+ $1 Nxf7 16. Qxd8 Rxd8 17. Bf6 Rd3 ({Black should try} 17... Rd6 $1 $14 18. Be7 Rc6) 18. Ne4 Bf5 19. Nxc5 Rd5 20. Nb3 ({Inferior is} 20. Nxb7 Rb5 21. Rfe1 (21. g4 $2 Bxg4 22. Rfc1 Rxb7 $19) 21... Rxb7 $17) 20... Rc8 21. Rac1 Nd6 22. Rxc8+ Nxc8 23. Rc1 Nd6 24. f3 b6 25. Kf2 Bd7 26. Re1 Nf5 27. g4 Kf7 28. Bg5 h6 29. gxf5 hxg5 30. fxg6+ Kxg6 $16 {[%emt 0:00:48][%mdl 4096] Endgame KRB-KRN} 31. Rg1 Kf6 32. hxg5+ Rxg5 33. Rxg5 Kxg5 {[%emt 0:00:03] KB-KN} 34. Ke3 {[%emt 0:00:30] And now Nd4 would win.} Be6 35. f4+ Kf6 36. Nc1 Bc4 {[%emt 0:01:14] [#]} ({Black should play} 36... Bf7 $1 $14) 37. b3 $1 Bf7 38. Ne2 Ke6 39. Nc3 (39. Ke4 $16) 39... Be8 $1 $14 40. Ne4 Bc6 41. Nc3 (41. Kd4 $16) 41... Kf5 $2 (41... Be8 $1 $11) 42. Ne2 $18 {[%emt 0:00:30] White threatens Nd4+ and mate.} Kf6 43. Nd4 Bd5 {[%emt 0:01:10] Weighted Error Value: White=0.12 (very precise) /Black=0.27 (precise)} 1-0

[Event "Marmaris Icmeler-IM May 2022"]
[Site "Icmeler"]
[Date "2022.05.05"]
[Round "1.4"]
[White "Kilic, Eray"]
[Black "Sevdimaliyev, Urfan"]
[Result "1-0"]
[ECO "C10"]
[WhiteElo "2192"]
[BlackElo "2331"]
[Annotator "TA"]
[PlyCount "91"]
[EventDate "2022.05.05"]
[EventType "schev"]
[EventCountry "TUR"]
[SourceTitle "playchess.com"]
[Source "ChessBase"]
[SourceQuality "1"]
[TimeControl "5400+30"]

1. e4 e6 2. d4 d5 3. Nc3 dxe4 4. Nxe4 Nd7 5. Nf3 Ngf6 6. Nxf6+ Nxf6 7. Be3 {[%emt 0:00:00] 7.c3 gains popularity.} Nd5 {[%emt 0:00:30] C10: French with 3 Nc3: Unusual Black 3rd moves and 3...dxe4.} 8. Bd3 Bd6 (8... Nxe3 $11 9. fxe3 Bd6) 9. Qe2 Qe7 {[%emt 0:06:00] [#] White has an edge.} 10. c4 $146 (10. Bg5 $14 f6 11. Bd2) ({Predecessor:} 10. O-O-O Bd7 11. Bg5 f6 12. Bd2 O-O-O 13. Rhe1 Qf7 14. g3 Bb4 15. c3 Ba5 16. Bc4 {½-½ (59) Estrada Nieto,J (2253)-Romanchuk,V (2266) Chess.com INT 2021}) 10... Nxe3 $11 11. fxe3 {[%emt 0:00:30] [#] Hoping for c5.} c6 12. O-O-O e5 13. Qc2 h6 14. Kb1 O-O 15. Rhf1 Bg4 16. Bf5 Bxf5 17. Qxf5 exd4 18. exd4 Rae8 19. c5 {[%emt 0:02:30] Threatens to win with Rfe1.} Bc7 20. Rde1 Qd8 21. Rxe8 Qxe8 22. Re1 {[%emt 0:06:30] Prevents Qe2.} Qc8 23. Qe4 Rd8 24. a3 Qd7 25. Qe7 b6 (25... Qc8 $11 {keeps the balance.}) 26. Qxd7 $16 {[%emt 0:05:30] White is more active.} Rxd7 {[%emt 0:00:46][%mdl 4096] Endgame KRB-KRN} 27. Re8+ Kh7 28. Ra8 Bf4 $1 29. b4 {[%emt 0:05:30][%cal Bb2b4,Bb4b5][%mdl 32] b5! is the strong threat.} Be3 $2 (29... g5 $1 $11) 30. b5 $1 $18 Rc7 31. d5 cxd5 32. c6 Kg6 33. Ne5+ Kf5 34. Nd3 {[%emt 0:00:28] Strongly threatening Nb4.} Bc5 {[%emt 0:04:49][%mdl 8192] Loses the game.} (34... Ke6 $16) 35. Nxc5 bxc5 {[%emt 0:00:33] KR-KR} 36. Kc2 Ke5 {[%emt 0:00:13] [#]} 37. Rxa7 $3 Kd6 (37... Rxa7 38. b6) 38. Ra8 {[%emt 0:02:05] And now b6 would win.} Re7 39. Rd8+ Kc7 40. Rxd5 Kb6 41. Rd7 {[%emt 0:00:45] White mates.} Rxd7 42. cxd7 Kc7 43. a4 f5 44. a5 Kxd7 45. Kd3 f4 46. Ke4 {[%emt 0:00:33] Weighted Error Value: White=0.08 (flawless) /Black=0.49} (46. Kc4 $142 Kc7 47. Kxc5 g5 48. a6 Kd8 49. b6 Ke7 50. b7 h5 51. a7) 1-0

[Event "Marmaris Icmeler-IM May 2022"]
[Site "Icmeler"]
[Date "2022.05.05"]
[Round "1.5"]
[White "Nazari, Arad"]
[Black "Toufighi, Homayoon"]
[Result "1/2-1/2"]
[ECO "B56"]
[WhiteElo "2287"]
[BlackElo "2439"]
[Annotator "TA"]
[PlyCount "22"]
[EventDate "2022.05.05"]
[EventType "schev"]
[EventCountry "TUR"]
[SourceTitle "playchess.com"]
[Source "ChessBase"]
[SourceQuality "1"]
[TimeControl "5400+30"]

1. e4 c5 2. Nf3 d6 3. d4 cxd4 4. Nxd4 Nf6 5. Nc3 Nc6 {[%emt 0:00:30] [#]} 6. Be3 $146 ({Predecessor:} 6. Bg5 e6 7. Bb5 Bd7 8. Qd3 Nxd4 9. Bxd7+ Qxd7 10. Qxd4 Be7 11. O-O-O Rc8 12. Qxa7 Qc6 13. Rd2 h6 14. Bh4 g5 15. Bg3 Nxe4 16. Nxe4 Qxe4 17. f3 Qc6 18. Qd4 {½-½ (49) Fedoseev,V (2701)-Oparin,G (2674) Chess.com INT 2022}) 6... Ng4 7. Bc1 Nf6 8. Be3 Ng4 9. Bc1 Nf6 10. Be3 {[%emt 0:00:30] 10.Nxc6 is a critical line.} Ng4 11. Bc1 Nf6 (11... Qb6 $11 12. Bb5 Bd7) 1/2-1/2

[Event "Marmaris Icmeler-IM May 2022"]
[Site "Icmeler"]
[Date "2022.05.05"]
[Round "2.1"]
[White "Darban, Morteza"]
[Black "Hereklioglu, Sude"]
[Result "1-0"]
[ECO "B28"]
[WhiteElo "2279"]
[BlackElo "1918"]
[Annotator "TA"]
[PlyCount "95"]
[EventDate "2022.05.05"]
[EventType "schev"]
[EventCountry "TUR"]
[SourceTitle "playchess.com"]
[Source "ChessBase"]
[SourceQuality "1"]
[TimeControl "5400+30"]

1. e4 c5 2. Nf3 a6 3. c3 d5 4. exd5 Qxd5 5. d4 cxd4 6. cxd4 {B28: Sicilian: 2 Nf3 a6 (O'Kelly Variation).} ({Much weaker is} 6. Qxd4 Qxd4 7. cxd4 Nc6 $11) 6... Nf6 7. Nc3 Qd6 {The main line 7...Qd6 scores better than 7...Qd8.} 8. a3 {White is slightly better.} g6 {[#]} 9. Be3 $146 ({Predecessor:} 9. Bc4 Bg7 10. O-O O-O 11. Ne5 Nbd7 12. Bf4 Nh5 13. Nxf7 Qxf4 14. Nd5 Qxf7 15. Nxe7+ {1-0 (51) Dijkhuis,O (2119)-Joppien,A (1940) Lueneburg 2019}) 9... Bg7 10. Ne5 O-O 11. Be2 Be6 12. O-O Rd8 13. Bf3 Nc6 14. Nxc6 bxc6 15. Rc1 h5 16. h3 Bd5 17. Nxd5 cxd5 18. Qa4 Ne4 19. Rc6 Qd7 20. Rfc1 a5 21. Qc2 Qf5 22. Qd1 {Hoping for g4.} Ng5 23. Be2 e5 24. h4 Ne6 25. g4 $36 {[%mdl 2048] White has some pressure.} hxg4 26. Bxg4 Qe4 27. Bxe6 fxe6 28. Rxe6 {h5 is the strong threat.} Kf7 (28... Re8 $11 29. Rxe8+ Rxe8 30. dxe5 Bxe5) 29. Rcc6 $16 Rac8 (29... Rdc8 $142) 30. Rxg6 {White is more active.} Rxc6 31. Rxc6 {aiming for Qh5+. Chess con chili.} exd4 32. Bg5 ({White should try} 32. Qh5+ $1 $16 Kg8 33. Rc7 $1) 32... Re8 {[#]} (32... Rf8 $1 $11) 33. Rc7+ (33. Qh5+ $1 $16 Kg8 34. Bf6 (34. Rc7 Qe1+ 35. Kg2 Qe4+ 36. Qf3 Rb8 $16) 34... Bxf6 35. Rxf6) 33... Kg8 $14 34. Rc2 (34. Qh5 $14 Qe1+ 35. Kg2 Qe4+ 36. Qf3 (36. f3 Qe2+ 37. Kg3 Qe1+ 38. Kh3 Qf1+ 39. Kg3 Qg1+ 40. Kh3 Qf1+ 41. Kg3 Qg1+ 42. Kh3 Qf1+ $11)) 34... Qe1+ (34... Rf8 $11) 35. Qxe1 $16 Rxe1+ {[%mdl 4096] Endgame KRB-KRB} 36. Kg2 Rd1 (36... d3 $16 37. Rd2 a4) 37. a4 $18 {Strongly threatening Rc1.} d3 {[#]} (37... Ra1 {keeps fighting.} 38. b3 Rb1) 38. Rd2 $1 Rxd2 (38... Rc1 39. Rxd3 Rc5) 39. Bxd2 Bxb2 {KB-KB} 40. Kf3 Bf6 41. h5 Bd4 42. Bxa5 Kg7 43. Bd2 Kf6 44. a5 Kf5 45. a6 {White wants to mate with Be3.} Ke6 46. Be3 {White mates.} d2 47. Ke2 Bxe3 48. fxe3 {Weighted Error Value: White=0.12 (very precise) /Black=0.51} 1-0

[Event "Marmaris Icmeler-IM May 2022"]
[Site "Icmeler"]
[Date "2022.05.05"]
[Round "2.2"]
[White "Odeev, Handszar"]
[Black "Ince, Taylan Ruzgar"]
[Result "1/2-1/2"]
[ECO "C00"]
[WhiteElo "2305"]
[BlackElo "2018"]
[Annotator "TA"]
[PlyCount "104"]
[EventDate "2022.05.05"]
[EventType "schev"]
[EventCountry "TUR"]
[SourceTitle "playchess.com"]
[Source "ChessBase"]
[SourceQuality "1"]
[TimeControl "5400+30"]

1. e4 e6 2. Qe2 c5 3. b3 b6 4. Bb2 Bb7 5. Nc3 Nc6 6. O-O-O {C00: French: Unusual White 2nd moves.} Nd4 {[#]} 7. Qe3 $146 ({Predecessor:} 7. Qe1 Ne7 8. f4 Nec6 9. Nf3 Qc7 10. Nxd4 cxd4 11. Ne2 d3 12. cxd3 Nb4+ 13. Nc3 Nxa2+ {0-1 (51) Litchfield,F (2061)-Ikeda,J (2393) Canberra 2016}) 7... Ne7 8. Nf3 {The position is equal.} Nec6 9. Ne2 Nxf3 10. Qxf3 f6 11. Qg3 Qb8 12. Qg4 Ne5 13. Qh5+ Nf7 14. d4 Bxe4 15. Qg4 Bc6 16. Ng3 Nh6 17. Qh4 Be7 (17... Nf7 18. dxc5 bxc5 19. Nh5 $11) 18. Bc4 (18. d5 $15 Bxd5 19. Nh5 (19. c4 Bc6 $17)) 18... d5 (18... Bxg2 $6 19. Rhg1 Qb7 20. Nh5 $11 (20. dxc5 O-O-O $11)) (18... cxd4 $1 $17 {Hoping for ...0-0.} 19. Bxd4 O-O) 19. Qh5+ Nf7 (19... Kf8 $5 20. Bd3 cxd4 21. Bxd4 e5 $17) 20. Bd3 (20. Rhe1 $15 {should be considered.}) 20... g6 (20... Bd7 $17 21. Kb1 g6) 21. Qg4 (21. Qe2 $1 $11 {remains equal.}) 21... Bd7 (21... f5 $17 22. Qe2 O-O 23. dxc5 Re8 24. cxb6 axb6) 22. dxc5 (22. Kb1 $15) 22... bxc5 $19 23. f4 (23. Rhe1 $17 {keeps fighting.}) 23... Qb6 (23... e5 24. Qf3 c4 25. fxe5 (25. Qxd5 cxd3 26. fxe5 Qc8 $17) 25... Nxe5 26. Qxd5 $11) 24. Rhe1 {[%cal Of4f5] [#]} O-O-O ({Not} 24... e5 25. Qf3 Bc6 26. fxe5 fxe5 27. Bxe5 $11) ({Better is} 24... c4 $1 $19 25. Bf1 Rc8) 25. Qh4 $15 d4 (25... Qb4 $5 ) 26. Bc4 Rde8 (26... Kb8 $15 {feels stronger.}) 27. Qg4 {[#]} (27. c3 $11) 27... Nd8 (27... e5 $142 $1 28. Qf3 Nd6) 28. Qf3 f5 (28... Rhf8 $17) 29. c3 $1 $11 Bf6 30. cxd4 cxd4 31. Ne2 Nc6 32. Qf2 e5 33. fxe5 {[%mdl 64] Remove Defender} Rxe5 34. Nf4 Rxe1 35. Rxe1 {Threatens to win with Nd5.} Qc5 36. Kb1 Kb8 37. Nd5 {[%mdl 1024] White has compensation.} Bd8 (37... Be5 $11 {keeps the balance.}) 38. Qf4+ ({White should play} 38. Qg3+ $16 f4 39. Qxf4+ Ka8 40. Rc1) 38... Kb7 $1 39. Rc1 g5 $1 40. Qf2 {[%cal Oc4a6] And now Ba6+! would win.} Qd6 41. Bxd4 Re8 42. Bb2 (42. Rd1 $5 ) 42... Na5 43. Rd1 Nxc4 44. bxc4 f4 45. Ka1 Bc6 ({Much less strong is} 45... Bb6 46. Qc2 Qg6 47. Qb3 $14 (47. Qxg6 hxg6 48. Nxb6 Bg4 $11)) 46. Qc2 {Strongly threatening Qb3+.} Qg6 47. Qb3+ Ka8 48. Bd4 Bxd5 49. cxd5 {[%cal Od5d6] Black must now prevent d6!} Bf6 50. Qc3 Bxd4 51. Qxd4 Qd6 52. h3 Qe5 {Weighted Error Value: White=0.23 (precise) /Black=0.20 (precise)} 1/2-1/2

[Event "Marmaris Icmeler-IM May 2022"]
[Site "Icmeler"]
[Date "2022.05.05"]
[Round "2.3"]
[White "Sevdimaliyev, Urfan"]
[Black "Taspinar, Yanki"]
[Result "0-1"]
[ECO "C69"]
[WhiteElo "2331"]
[BlackElo "2176"]
[Annotator "TA"]
[PlyCount "67"]
[EventDate "2022.05.05"]
[EventType "schev"]
[EventCountry "TUR"]
[SourceTitle "playchess.com"]
[Source "ChessBase"]
[SourceQuality "1"]
[TimeControl "5400+30"]

1. e4 e5 2. Nf3 Nc6 3. Bb5 a6 4. Bxc6 dxc6 5. O-O f6 6. d4 exd4 7. Nxd4 c5 8. Ne2 Qxd1 9. Rxd1 Bd7 10. Nbc3 O-O-O 11. Be3 Re8 12. Rd2 {C69: Ruy Lopez: Exchange Variation with 5 0-0 f6.} Bc6 13. Rad1 b6 14. Nf4 {[%cal Of4e6] White has an edge.} Bd6 {[#]} 15. f3 $146 ({But not} 15. Rxd6 cxd6 16. f3 Kb7 $15) (15. Nfd5 $5 ) ({Predecessor:} 15. Nfd5 Kb7 16. f3 Ne7 17. Nxe7 Rxe7 18. Nd5 Rf7 19. Bf2 f5 20. exf5 Rxf5 21. Bg3 {½-½ (33) Oleksienko,M (2568)-Rzayev,B (2429) Pardubice 2013}) 15... Be5 {[%cal Of6f5] A strong pair of Bishops.} 16. Ncd5 Ne7 17. c3 Nxd5 18. Nxd5 Rhf8 19. g3 ({Of course not} 19. f4 Bxd5 20. Rxd5 Bd6 $17) 19... Kb7 20. Re1 Rd8 21. Bf4 (21. Red1 $11) 21... Bxf4 $17 22. gxf4 f5 23. c4 fxe4 24. Rxe4 Rd7 25. Kf2 b5 {[#] aiming for ...bxc4.} 26. b3 Rf5 27. Kg3 {White does not recover from this.} (27. Ke3 $17) 27... Bxd5 $19 28. cxd5 Rfxd5 ({Worse is} 28... Rdxd5 29. Rc2 $17) 29. Rxd5 (29. Rc2 $142) 29... Rxd5 {KR-KR} 30. Re7 c4 31. Re4 $2 (31. bxc4 bxc4 32. Re4) 31... Rc5 $2 (31... c3 {And now ...c2 would win.} 32. Re1 Rd2) 32. Re2 (32. bxc4 bxc4 33. Re1) 32... c3 {[#] Hoping for ...c2.} 33. Rc2 Kb6 34. f5 {Weighted Error Value: White=0.71/Black=0.21 (precise)} 0-1

[Event "Marmaris Icmeler-IM May 2022"]
[Site "Icmeler"]
[Date "2022.05.05"]
[Round "2.4"]
[White "Toufighi, Homayoon"]
[Black "Kilic, Eray"]
[Result "1-0"]
[ECO "E67"]
[WhiteElo "2439"]
[BlackElo "2192"]
[Annotator "TA"]
[PlyCount "95"]
[EventDate "2022.05.05"]
[EventType "schev"]
[EventCountry "TUR"]
[SourceTitle "playchess.com"]
[Source "ChessBase"]
[SourceQuality "1"]
[TimeControl "5400+30"]

1. Nf3 Nf6 2. g3 g6 3. Bg2 Bg7 4. O-O O-O 5. c4 d6 6. d4 Nbd7 7. Nc3 e5 8. dxe5 dxe5 9. h3 Re8 10. Be3 c6 11. Qb3 Qa5 {[#] E67: King's Indian: Fianchetto: 6...Nbd7.} 12. Nd2 $146 (12. a3 {seems wilder.} Nb6 13. Ng5 Qa6 14. c5) ({Predecessor:} 12. a3 Nc5 13. Qb4 Qxb4 14. axb4 Na6 15. b5 cxb5 16. Nxb5 Ne4 17. Rxa6 bxa6 18. Nc7 Bb7 19. Nxe8 Rxe8 20. Bxa7 {½-½ (41) Peptan,C (2395)-Vajda,L (2597) Medias 2016}) 12... Nc5 13. Qc2 Ne6 {The position is equal.} 14. Nf3 {Inhibits Nd4.} Nh5 15. Rfd1 (15. Ne4 $11) 15... f5 $15 16. g4 (16. Bd2 $1 $15) 16... Nhf4 $17 17. gxf5 gxf5 18. Bxf4 Nxf4 19. e3 Nxg2 20. Kxg2 e4 $36 {[%cal Be5e4,Be4e3][%mdl 2080] White is under strong pressure.} 21. Ng1 f4 (21... Qb4 $17 22. Nge2 Qxc4) 22. exf4 $15 Qh5 (22... Be6 $17 23. Qc1 (23. Nxe4 Qf5 $15) 23... Bxc3 24. bxc3 Bxc4) 23. Nce2 Bf5 {[%cal Oh5f3][%mdl 1024] ...Qf3+! is the strong threat. Black has compensation.} 24. Qb3 {Prevents Qf3+.} e3 25. Ng3 Qg6 {Threatens to win with ...Bc2.} 26. Re1 (26. Rac1 $17 {keeps fighting.}) 26... Be4+ $2 {A strong pair of Bishops.} (26... exf2 $19 27. Kxf2 Bc2 28. Qxb7 Bd4+ 29. Kg2 Rab8 30. Rxe8+ Qxe8) 27. Nf3 $11 Bd4 (27... Bxf3+ $5 28. Kxf3 exf2 29. Kxf2 Qh6 30. Rxe8+ Rxe8 $15) 28. fxe3 {[#]} Kh8 $1 29. Kf2 $16 Rg8 (29... Bf6 $16) 30. Rg1 $18 Bc2 {[#]} 31. f5 $1 Qe8 32. Qa3 ({Wrong is} 32. Qxc2 $2 Qxe3+ 33. Kg2 Rxg3+ $1 34. Kxg3 Be5+ 35. Kh4 Qh6+ 36. Kg4 Rg8+ 37. Ng5 Qxg5+ 38. Kf3 Qf4+ 39. Ke2 Qh2+ 40. Ke3 Qf4+ 41. Ke2 Qh2+ 42. Ke3 Qxc2 $19) 32... Bf6 33. Qd6 Rf8 (33... Bxb2 $142 34. Nd4 Rg7) 34. Rac1 (34. Rae1 $16) 34... Rd8 $2 {[%mdl 8192] [#] Black cannot hold the game after this.} 35. Qf4 $1 Bd3 {[#]} 36. b3 Qe7 37. Rcd1 {And now e4 would win.} Bc2 (37... b5 {was worth a try.} 38. e4 bxc4) 38. Rxd8 Qxd8 39. e4 {White is clearly winning.} Qb6+ 40. Qe3 Qa5 41. Nh5 Be5 (41... Qc3 $142 42. Nxf6 Qxf6) 42. Rc1 Bb1 43. Nxe5 Qxe5 44. Rxb1 Qh2+ 45. Kf3 {Threatening mate with Qd4+.} Qxh3+ 46. Ng3 Rg8 47. Qd4+ Rg7 48. Qxg7+ $2 {[%mdl 32768] Weighted Error Value: White=0.24 (precise) /Black=0.58. Loss on time!?} 1-0